 Dungeon Crawl Stone Soup version 0.29-a0-477-g62b78b4225 (webtiles) character file.

Game seed: 2341765992802616059

60 siradein the Skirmisher (level 4, 0/49 HPs)
             Began as an Ogre Fighter on May 25, 2022.
             Slain by Grinder (1 damage)
             ... on level 3 of the Dungeon.
             The game lasted 00:05:42 (1913 turns).

siradein the Skirmisher (Ogre Fighter)              Turns: 1913, Time: 00:05:43

Health: 0/49       AC:  3    Str: 22    XL:     4   Next: 6%
Magic:  4/4        EV:  8    Int:  9    God:
Gold:   138        SH:  7    Dex:  8    Spells: 3/3 levels left

rFire   . . .      SeeInvis .   a - +0 trident
rCold   . . .      Faith    .   c - +0 kite shield
rNeg    . . .      Spirit   .   b - +0 robe
rPois   .          Reflect  .   (helmet restricted)
rElec   .          Harm     .   (no cloak)
rCorr   .          Rampage  .   (gloves unavailable)
Will    .....                   (boots unavailable)
Stlth   +.........              (no amulet)
HPRegen 0.16/turn               (no ring)
MPRegen 0.09/turn               (no ring)

@: no status effects
A: large, unfitting armour, tough skin 1
a: no special abilities


You were on level 3 of the Dungeon.
You visited 1 branch of the dungeon, and saw 3 of its levels.

You collected 138 gold pieces.

Inventory:

Hand Weapons
 a - a +0 trident (weapon)
Missiles
 g - 112 stones (quivered)
 r - a throwing net
Armour
 b - a +0 robe (worn)
 c - a +0 kite shield (worn)
Jewellery
 j - an amulet of faith
Scrolls
 e - 2 scrolls of fear {unknown}
 i - 2 scrolls of teleportation {unknown}
 k - a scroll of enchant weapon {unknown}
 l - a scroll of blinking {unknown}
 m - a scroll of poison {unknown}
 o - a scroll of identify {unknown}
 p - a scroll of noise {unknown}
Potions
 d - 2 potions of might
 f - a potion of attraction {unknown}
 h - a potion of heal wounds {unknown}
 n - a potion of haste {unknown}
 q - a potion of lignification {unknown}


   Skills:
 + Level 4.6 Fighting
 + Level 2.6 Polearms
 + Level 3.2 Dodging
 + Level 3.5 Shields


You had 3 spell levels left.
You didn't know any spells.
Your spell library was empty.

Dungeon Overview and Level Annotations

Branches:
Dungeon (3/15)

Altars:
Ru

Shops:
D:2 [

Annotations:
D:3 1 runed translucent door, Grinder


Innate Abilities, Weirdness & Mutations

You are too large for most types of armour.
You have tough skin. (AC +1)


Message History

You can move again.
Unknown command.
Unknown command.
Unknown command.
Unknown command.
Unknown command.
Grinder gestures at you. Pain shoots through your body!
You barely miss Grinder. Grinder gestures at you.
Pain shoots through your body!
You barely miss Grinder. You block Grinder's attack.
You puncture Grinder!
Grinder is lightly wounded.
Grinder hits you!
Grinder blinks!
Found a ring mail.
Grinder gestures at you. Pain shoots through your body!
You are too injured to fight recklessly!
You are too injured to fight recklessly!
You are too injured to fight recklessly!
Found a gold piece.
Grinder hits you.
* * * LOW HITPOINT WARNING * * *
You writhe in agony.
* * * LOW HITPOINT WARNING * * *
You barely miss Grinder.
Grinder is lightly wounded.
Grinder barely misses you.
You barely miss Grinder.
Grinder is lightly wounded.
Grinder hits you.
* * * LOW HITPOINT WARNING * * *
You writhe in agony.
* * * LOW HITPOINT WARNING * * *
You hit Grinder.
Grinder is moderately wounded.
Grinder hits you.
* * * LOW HITPOINT WARNING * * *
You writhe in agony.
You die...

...### ## #..##. #.##.
### .......... .........
# . ...##.. ... ...## #.
#.#..##.# #.##.....
..##.#..##.# #.##.....
.. ..?...##.####.##.....
.[.##.#5............#.##
.......@................
$..##.....$.............
........................
........................
...###...##.#.##.##^....
.. #...##.#.##.##...#. .
#...........##...#.
.[..................
###...####.#####...#.


You could see Grinder.

Vanquished Creatures
  3 adders (D:2)
  2 dart slugs
  An orc (D:3)
  4 endoplasms
  4 giant cockroaches
  A goblin (D:2)
  A hobgoblin (D:1)
  A quokka (D:2)
  5 ball pythons
  3 bats
  A frilled lizard (D:2)
  2 kobolds (D:1)
  2 rats
30 creatures vanquished.

Notes
Turn   | Place    | Note
-------+----------+-------------------------------------------
     0 | D:1      | siradein the Ogre Fighter began the quest for the Orb.
     0 | D:1      | Reached XP level 1. HP: 24/24 MP: 1/1
   193 | D:1      | Found a faded altar of an unknown god.
   382 | D:1      | Reached XP level 2. HP: 32/32 MP: 2/2
   971 | D:2      | Reached XP level 3. HP: 27/40 MP: 3/3
  1309 | D:2      | Found Duschowk's Antique Armour Emporium.
  1623 | D:3      | Found a runed translucent door.
  1797 | D:3      | Found a sacrificial altar of Ru.
  1827 | D:3      | Reached XP level 4. HP: 49/49 MP: 4/4
  1894 | D:3      | Noticed Grinder
  1900 | D:3      | Paralysed by Grinder for 2 turns
  1913 | D:3      | HP: 1/49 [Grinder (2)]
  1913 | D:3      | Slain by Grinder

Illustrated notes

Levels and vault maps discovered:
D:1:      sevenhm_arrival_forest_fort_small_3, layout_basic, serial_rivers,
          chequers_serial_rivers_small_3, chequers_serial_rivers_room_b,
          chequers_serial_rivers_micro_b, chequers_serial_rivers_micro_d,
          dreamdust_ecumenical_altar_grove
D:2:      layout_basic, serial_shops, shop
D:3:      minmay_general_purpose_star, layout_basic,
          mainiacjoe_overflow_surrounded_room, ebering_ghost_reflecting_pool,
          uniq_grinder

Skill      XL: |  1  2 |
---------------+-------+-----
Dodging        | 3 |  3.2
Fighting       | |  4.6
Polearms       | |  2.6
Shields        | |  3.5

Action                   |  1- 3 |  4- 6 || total
-------------------------+-------+-------++-------
Melee: Trident           |    78 |    15 ||    93
Throw: Stone             |     2 |       ||     2
 Stab: Sleeping          |     3 |       ||     3
Armor: Robe              |    21 |       ||    21
Dodge: Dodged            |    20 |     5 ||    25
Block: Kite shield       |    24 |     3 ||    27

Table legend: (Time is in decaauts)
 A = Elapsed time spent in this place.
 B = Non-inter-level travel time spent in this place.
 C = Inter-level travel time spent in this place.
 D = Time resting spent in this place.
 E = Time spent auto-exploring this place.
 F = Levels seen in this place.
 G = Mean time per level.
                   A        B        C        D        E       F      G
               +--------+--------+--------+--------+--------+-----+--------+
         Total |   1944 |   1904 |     40 |      4 |   1599 |   3 |  648.0 |
       Dungeon |   1944 |   1904 |     40 |      4 |   1599 |   3 |  648.0 |
               +--------+--------+--------+--------+--------+-----+--------+

Top non-repeatable levels by time:
     D:1: 943 daAuts
     D:2: 646 daAuts
     D:3: 354 daAuts
